 Dungeon Crawl Stone Soup version 0.17.0-57-g0e89251 (webtiles) character file.

158 Rex the Covered (level 5, -8/47 HPs)
             Began as a Minotaur Fighter on Dec 8, 2015.
             Mangled by an ogre
             ... wielding a +0 giant club
              (12 damage)
             ... on level 3 of the Dungeon.
             The game lasted 00:08:24 (2316 turns).

Rex the Covered (Minotaur Fighter)                  Turns: 2316, Time: 00:08:24

Health: -8/47      AC:  7    Str: 24      XL:     5   Next: 16%
Magic:  4/4        EV:  8    Int:  3 (5)  God:
Gold:   97         SH: 11    Dex: 10      Spells: 0 memorised, 4 levels left

rFire  . . .     SeeInvis .     a - +0 war axe
rCold  . . .     Clarity  .     b - +0 scale mail
rNeg   . . .     SustAt   .     c - +1 shield
rPois  .         Gourm    .     (helmet restricted)
rElec  .         Spirit   .     (no cloak)
rCorr  .         Warding  .     (no gloves)
rMut   .         Stasis   .     (no boots)
MR     .....                    (no amulet)
Stlth  ..........               q - -2 ring of strength (curse)
                                l - ring of invisibility

@: mighty, not resistant to hostile enchantments, extremely unstealthy
A: retaliatory headbutt, horns 2
a: Evoke Invisibility


You were on level 3 of the Dungeon.
You were not hungry.

You visited 1 branch of the dungeon, and saw 3 of its levels.

You collected 97 gold pieces.

Inventory:

Hand Weapons
 a - a +0 war axe (weapon)
 s - a +0 flail of protection
Armour
 b - a +0 scale mail (worn)
 c - a +1 shield (worn)
Jewellery
 i - an uncursed ring of protection from cold
 l - a ring of invisibility (left hand)
 m - a +5 ring of intelligence
 q - a cursed -2 ring of strength (right hand)
Scrolls
 f - 2 scrolls of identify
 h - a scroll of enchant armour
 j - 3 scrolls of magic mapping
 k - a scroll of teleportation
Comestibles
 e - a bread ration
 g - 5 meat rations
 n - a beef jerky
 o - a slice of pizza


   Skills:
 + Level 4.3 Fighting
 + Level 3.3 Axes
 + Level 4.8 Armour
 + Level 2.1 Dodging
 + Level 0.3 Stealth
 + Level 4.4 Shields


You had 4 spell levels left.
You didn't know any spells.

Dungeon Overview and Level Annotations

Branches:
Dungeon (3/15)

Altars:


Innate Abilities, Weirdness & Mutations

You reflexively headbutt those who attack you in melee.
You have a pair of horns on your head.


Message History

The ogre is severely wounded.
The ogre hits you with a giant club!
You barely miss the ogre.
The ogre is severely wounded.
The ogre hits you with a giant club!!
* * * LOW HITPOINT WARNING * * *
You are too injured to fight recklessly!
You are too injured to fight recklessly!
You are too injured to fight recklessly!
You are too injured to fight recklessly!
You are too injured to fight recklessly!
You are too injured to fight recklessly!
You are too injured to fight recklessly!
Drink which item? (? for menu, Esc to quit)
You feel very mighty all of a sudden. You block the ogre's attack.
Your shield prevents you from hitting the ogre.
The ogre is severely wounded.
The ogre hits you with a giant club!
You die...

................# .#............#
..(.............# #............#
...)............# #............#
...............#####............#
...............#...###########'##
........(..#..##gg.##.....# #.#
...######..##.##ggg##.....####.#
...........##..##O###.....#....##
..........#..).)@)...)...........
..........#........##.....#.#####
...................##.....#.#
...#######...#.....##.....#.#
....######................#.#
....#...##.........##.....#.#
###.#...##.....#...#####+##.#
........###....##..#####.##.##
...............##.>..........#


You could see an ogre and 3 goblins.

Vanquished Creatures
  6 adders
  A worm (D:2)
  5 giant geckos
  4 orcs (D:3)
  3 ball pythons
  4 giant cockroaches
  13 goblins
  8 hobgoblins
  9 jackals
  2 quokkas (D:2)
  9 bats
  5 giant newts
  12 kobolds
  17 rats
98 creatures vanquished.

Notes
Turn   | Place    | Note
--------------------------------------------------------------
     0 | D:1      | Rex the Minotaur Fighter began the quest for the Orb.
     0 | D:1      | Reached XP level 1. HP: 19/19 MP: 0/0
   237 | D:1      | Reached skill level 4 in Fighting
   237 | D:1      | Reached XP level 2. HP: 25/27 MP: 1/1
   328 | D:1      | Reached XP level 3. HP: 30/33 MP: 2/2
   805 | D:2      | Reached XP level 4. HP: 33/40 MP: 3/3
   855 | D:2      | Reached skill level 1 in Dodging
  1800 | D:3      | Reached XP level 5. HP: 42/47 MP: 4/4
  2300 | D:3      | Noticed an ogre
  2316 | D:3      | Mangled by an ogre

Action                   |  1- 3 |  4- 6 || total
-------------------------+-------+-------++-------
Melee: War axe           |    97 |   118 ||   215
  Use: Potion            |     2 |     5 ||     7
       Scroll            |       |     8 ||     8
  Eat: Chunk             |       |     5 ||     5
